 Dungeon Crawl Stone Soup version 0.30-a0-354-g6b83867211 (webtiles) character file.

Game seed: 17395202066294962093

30 koil the Chopper (level 3, -1/30 HPs)
             Began as a Hill Orc Reaver on Nov 8, 2022.
             Slain by a goblin
             ... wielding a +2 dagger of freezing
             ... led by Robin
              (2 damage)
             ... on level 2 of the Dungeon.
             The game lasted 00:02:35 (811 turns).

koil the Chopper (Hill Orc Reaver)                   Turns: 811, Time: 00:02:36

Health: -1/30      AC:  3    Str: 16    XL:     3   Next: 20%
Magic:  5/5        EV: 11    Int: 13    God:
Gold:   36         SH:  0    Dex:  9    Spells: 2/5 levels left

rFire   . . .      SeeInvis .    a - +0 hand axe
rCold   . . .      Faith    .    (no shield)
rNeg    . . .      Spirit   .    b - +0 leather armour
rPois   .          Reflect  .    (no helmet)
rElec   .          Harm     .    (no cloak)
rCorr   .          Rampage  .    (no gloves)
Will    .....                    (no boots)
Stlth   +.........               (no amulet)
HPRegen 0.25/turn                (no ring)
MPRegen 0.09/turn                (no ring)

@: no status effects
A: no striking features
a: no special abilities


You were on level 2 of the Dungeon.
You visited 1 branch of the dungeon, and saw 2 of its levels.

You collected 36 gold pieces.

Inventory:

Hand Weapons
 a - a +0 hand axe (weapon)
Missiles
 e - 3 poisoned darts
Armour
 b - a +0 leather armour (worn)
Scrolls
 f - a scroll of identify {unknown}
 g - a scroll of fog {unknown}
 h - a scroll of vulnerability {unknown}
 i - a scroll of immolation {unknown}
Potions
 c - a potion of lignification {unknown}
 d - a potion of attraction {unknown}
 j - a potion of degeneration {unknown}


   Skills:
 + Level 2.7 Fighting
 + Level 4.3 Axes
 + Level 1.0 Armour
 + Level 1.9 Dodging
 + Level 1.8 Spellcasting
 + Level 3.2 Conjurations


You had 2 spell levels left.
You knew the following spells:

 Your Spells              Type           Power      Damage    Failure   Level
a - Kiss of Death         Conj/Necr      20%        2d7       17%         1
b - Momentum Strike       Conj/Tloc      10%        3d8       26%         2

Your spell library contained the following spells:

 Spells                   Type           Power      Damage    Failure   Level
 Hailstorm                Conj/Ice       5%         3d4       45%         3


Dungeon Overview and Level Annotations

Branches:
Dungeon (2/15)

Altars:

Annotations:
D:2 Robin


Message History

The kobold barely misses you.
Robin roars a battlecry!
The goblin hits you with a +0 club.
You hit the kobold but do no damage.
The kobold is severely wounded.
You hit the goblin.
You kill the goblin!
Robin throws the goblin at you! The kobold completely misses you.
The goblin barely misses you.
Your Armour skill increases to level 1!
You hit the kobold.
You kill the kobold!
You closely miss the goblin.
Robin roars a battlecry!
The goblin hits you with a +0 dagger.
* * * LOW HITPOINT WARNING * * *
You hear a shout!
The goblin attacks as you move away! The goblin barely misses you.
Robin throws the goblin at you! The goblin closely misses you.
Things that are here:
a +0 whip; 16 gold pieces; a kobold corpse; a ball python corpse Unknown command.
Cast which spell? (? or * to list)
Okay, then.
The goblin attacks as you move away! The goblin closely misses you.
The goblin attacks as you move away!
The goblin hits you with a +2 dagger of freezing.
* * * LOW HITPOINT WARNING * * *
The goblin freezes you.
* * * LOW HITPOINT WARNING * * *
The goblin attacks as you move away! The goblin closely misses you.
The goblin attacks as you move away! The goblin barely misses you.
The goblin no longer looks unusually strong.
The goblin attacks as you move away! The goblin closely misses you.
The goblin no longer looks unusually strong.
There is a stone staircase leading up here.
The goblin hits you with a +2 dagger of freezing.
* * * LOW HITPOINT WARNING * * *
The goblin freezes you.
You die...

......†...#
..........#
K.........#
..........#
........#.#
.......[#.#
........#.#
........#.##
........#.@#
.......#.g#
#.g# #.g#
#.g# #..#
#######.g#
........K#
########.#
##


You could see 5 goblins and a kobold.

Vanquished Creatures
  A dart slug (D:1)
  5 endoplasms
  5 goblins
  3 hobgoblins (D:1)
  6 kobolds
  A quokka (D:2)
  A ball python (D:2)
  A bat (D:1)
  A rat (D:1)
24 creatures vanquished.

Notes
Turn   | Place    | Note
-------+----------+-------------------------------------------
     0 | D:1      | koil the Hill Orc Reaver began the quest for the Orb.
     0 | D:1      | Reached XP level 1. HP: 18/18 MP: 3/3
   162 | D:1      | Reached XP level 2. HP: 25/25 MP: 4/4
   176 | D:1      | Learned a level 2 spell: Momentum Strike
   512 | D:1      | Found a faded altar of an unknown god.
   621 | D:2      | Reached XP level 3. HP: 12/30 MP: 5/5
   624 | D:2      | HP: 4/30 [kobold/+0 short sword (3)]
   631 | D:2      | HP: 2/30 [frozen (4)]
   782 | D:2      | Noticed Robin
   800 | D:2      | Reached skill level 1 in Armour
   806 | D:2      | HP: 5/30 [goblin/+2 dagger of freezing[Robin] (6)]
   811 | D:2      | HP: 1/30 [goblin/+2 dagger of freezing[Robin] (3)]
   811 | D:2      | Slain by a goblin

Illustrated notes

Levels and vault maps discovered:
D:1:      dpeg_arrival_erosion, layout_basic,
          shapermc_ecumenical_altar_mp_vishouse, glass_columns_a
D:2:      layout_basic, basic_altar, kennysheep_minor_cross,
          hangedman_feature_mirror, bh_walls_and_bars, uniq_robin

Skill      XL: |  1  2  3 |
---------------+----------+-----
Armour         | 1 |  1.0
Fighting       | |  2.7
Axes           | |  4.3
Dodging        | |  1.9
Spellcasting   | |  1.8
Conjurations   | |  3.2

Action                   || total
-------------------------++-------
Melee: Hand axe          ||    78
Armor: Leather armour    ||    25
Dodge: Dodged            ||    49

Table legend: (Time is in decaauts)
 A = Elapsed time spent in this place.
 B = Non-inter-level travel time spent in this place.
 C = Inter-level travel time spent in this place.
 D = Time resting spent in this place.
 E = Time spent auto-exploring this place.
 F = Levels seen in this place.
 G = Mean time per level.
                   A        B        C        D        E       F      G
               +--------+--------+--------+--------+--------+-----+--------+
         Total |    818 |    803 |     15 |     93 |    516 |   2 |  409.0 |
       Dungeon |    818 |    803 |     15 |     93 |    516 |   2 |  409.0 |
               +--------+--------+--------+--------+--------+-----+--------+

Top non-repeatable levels by time:
     D:1: 695 daAuts
     D:2: 122 daAuts
